 Dungeon Crawl Stone Soup version 0.19.1 (webtiles) character file.

167 esteth the Poker (level 5, -2/38 HPs)
             Began as a Merfolk Skald on Dec 25, 2016.
             Killed by divine providence
             ... invoked by an orc priest
              (13 damage)
             ... on level 4 of the Dungeon.
             The game lasted 00:09:26 (3093 turns).

esteth the Poker (Merfolk Skald)                    Turns: 3093, Time: 00:09:27

Health: -2/38      AC:  4    Str: 16    XL:     5   Next: 48%
Magic:  8/8        EV: 12    Int: 13    God:
Gold:   148        SH:  0    Dex: 13    Spells: 3 memorised, 2 levels left

rFire  . . .     SeeInvis .     a - +1 spear
rCold  . . .     Gourm    .     b - +1 leather armour
rNeg   + . .     Faith    .     (no shield)
rPois  .         Spirit   .     (no helmet)
rElec  .         Reflect  .     (no cloak)
rCorr  .         Harm     .     (no gloves)
MR     .....                    (no boots)
Stlth  +.........               (no amulet)
                                o - ring of positive energy
                                k - +4 ring of strength

@: slowed, very slow
A: change form in water, swift swim, stealthy swim
a: no special abilities


You were on level 4 of the Dungeon.
You were not hungry.

You visited 1 branch of the dungeon, and saw 4 of its levels.

You collected 148 gold pieces.

Inventory:

Hand Weapons
 a - a +1 spear (weapon)
Armour
 b - a +1 leather armour (worn)
Jewellery
 k - a +4 ring of strength (left hand)
 o - a ring of positive energy (right hand)
Scrolls
 f - a scroll of fear
 m - a scroll of enchant armour
 n - a scroll of random uselessness {unknown}
 p - 3 scrolls of identify {unknown}
Potions
 e - a potion of heal wounds
 g - a potion of cure mutation
 h - a potion of flight
 q - a potion of curing {unknown}
Books
 c - a book of Battle

   Spells                             Type                      Level
   a - Infusion                       Charms                       1
   b - Shroud of Golubria             Charms/Translocation         2
   c - Song of Slaying                Charms                       2
   d - Spectral Weapon                Hexes/Charms                 3
   e - Regeneration                   Charms/Necromancy            3
Comestibles
 d - 4 bread rations
 i - 3 meat rations
 j - 2 chunks of flesh
 l - 2 beef jerkies


   Skills:
 - Level 2.2 Fighting
 + Level 5.7 Polearms
 - Level 0.9 Armour
 - Level 1.7 Dodging
 - Level 2.1 Spellcasting
 + Level 0.0 Hexes
 - Level 5.0 Charms


You had 2 spell levels left.
You knew the following spells:

 Your Spells              Type           Power        Failure   Level  Hunger
a - Infusion              Chrm           ##..         4%          1    ##.....
b - Song of Slaying       Chrm           ##......     8%          2    ###....
c - Spectral Weapon       Hex/Chrm       #.......     34%         3    ####...


Dungeon Overview and Level Annotations

Branches:
Dungeon (4/15)
 Temple: D:4-7

Altars:
Trog
Xom


Message History

You hit the orc wizard.
The orc wizard is moderately wounded.
The orc wizard gestures wildly while chanting.
The orc wizard blinks!
The orc wizard hits you but does no damage.
You barely miss the orc wizard.
The orc wizard is moderately wounded.
The orc wizard hits you but does no damage.
The orc hits you with a mace.
The orc priest calls down the wrath of Beogh upon you.
Beogh smites you! The orc wizard hits you with a dagger.
You hit the orc wizard but do no damage.
The orc wizard is moderately wounded.
The orc wizard casts a spell at you. The magic dart hits you!
* * * LOW HITPOINT WARNING * * *
The orc misses you.
The orc priest mumbles some strange prayers to Beogh against you.
Beogh smites you!
You die...

#.# ##.####### #....
..## #########..##
#.##
#####.......#...###.##
#...#.#####.....)...##
#...o....##.#..###....
......#o##.......#
#..## #..#.
#@#####.#..###..## # #
#.o.....##.....###
##########+##### # # #
# ### +.. ###


You could see an orc priest, an orc wizard and an orc.

Vanquished Creatures
  Terence (D:3)
  4 gnolls (D:2)
  3 adders
  3 worms (D:2)
  2 dart slugs (D:2)
  2 leopard geckos (D:3)
  2 orcs (D:4)
  7 bats
  A giant cockroach (D:1)
  11 hobgoblins
  6 kobolds
  A quokka (D:3)
  A ball python (D:3)
  3 frilled lizards (D:2)
  6 goblins
  8 rats
61 creatures vanquished.

Notes
Turn   | Place    | Note
-------+----------+-------------------------------------------
     0 | D:1      | esteth the Merfolk Skald began the quest for the Orb.
     0 | D:1      | Reached XP level 1. HP: 16/16 MP: 3/3
   224 | D:1      | Reached XP level 2. HP: 22/22 MP: 5/5
   482 | D:1      | You fall through a shaft!
   639 | D:2      | Reached XP level 3. HP: 16/27 MP: 2/6
  1275 | D:2      | Reached XP level 4. HP: 7/33 MP: 2/7
  1570 | D:2      | Found a faded altar of an unknown god.
  1596 | D:2      | Found a shimmering altar of Xom.
  1603 | D:2      | Found a bloodstained altar of Trog.
  1762 | D:2      | Learned a level 2 spell: Song of Slaying
  1766 | D:2      | Learned a level 3 spell: Spectral Weapon
  1833 | D:2      | Reached skill level 5 in Polearms
  2468 | D:3      | Noticed Terence
  2480 | D:3      | Killed Terence
  2480 | D:3      | Reached XP level 5. HP: 30/38 MP: 1/8
  2926 | D:3      | Reached skill level 5 in Charms
  3093 | D:4      | Killed from afar by an orc priest

Skill      XL: |  1  2  3  4  5 |
---------------+----------------+-----
Charms         | 4 5 |  5.0
Polearms       | 4 5 |  5.7
Fighting       | |  2.2
Armour         | |  0.9
Dodging        | |  1.7
Spellcasting   | |  2.1

Action                   |  1- 3 |  4- 6 || total
-------------------------+-------+-------++-------
Melee: Spear             |    72 |   160 ||   232
 Cast: Infusion          |     3 |     1 ||     4
       Song of Slaying   |       |     1 ||     1
  Use: Scroll            |     8 |       ||     8
       Potion            |       |     5 ||     5
 Stab: Sleeping          |     1 |       ||     1
  Eat: Chunk             |     1 |     6 ||     7
Armor: Leather armour    |    10 |    27 ||    37
Dodge: Dodged            |    23 |    43 ||    66
